 Dungeon Crawl Stone Soup version 0.31-a0-152-g6aa68a64a1 (webtiles) character file.

Game seed: 9047951814427972911

86 qw the Shooter (level 4, -9/38 HPs)
             Began as a Minotaur Hunter on June 9, 2023.
             Mangled by a gnoll
             ... wielding a +0 spear
              (10 damage)
             ... on level 2 of the Dungeon.
             The game lasted 00:00:19 (844 turns).

qw the Shooter (Minotaur Hunter)                     Turns: 844, Time: 00:00:19

Health: -9/38      AC:  3    Str: 16    XL:     4   Next: 27%
Magic:  3/3        EV: 12    Int:  6    God:
Gold:   97         SH:  0    Dex: 15    Spells: 3/3 levels left

rFire   . . .        Y - +0 shortbow
rCold   . . .        (shield currently unavailable)
rNeg    + . .        c - +0 leather armour
rPois   .            (helmet restricted)
rElec   .            (no cloak)
rCorr   .            (no gloves)
SInv    .            (no boots)
Will    .....        (no amulet)
Stlth   +            h - ring of positive energy
HPRegen 0.26/turn    (no ring)
MPRegen 0.08/turn

%: no passive effects
@: no status effects
A: horns 2, retaliatory headbutt
a: no special abilities


You were on level 2 of the Dungeon.
You visited 1 branch of the dungeon, and saw 2 of its levels.

You collected 97 gold pieces.


Innate Abilities, Weirdness & Mutations

You have a pair of horns on your head.
You reflexively headbutt those who attack you in melee.


   Skills:
 + Level 3.0 Fighting
 - Level 6.2 Ranged Weapons
 - Level 2.1 Dodging
 - Level 0.7 Stealth


You had 3 spell levels left.
You didn't know any spells.
Your spell library was empty.

Inventory:

Hand Weapons
 Y - a +0 shortbow (weapon)
Armour
 c - a +0 leather armour (worn)
 i - a +0 pair of gloves
Jewellery
 e - a ring of see invisible
 h - a ring of positive energy (left hand)
Scrolls
 b - 3 scrolls of identify {unknown}
 g - a scroll of silence {unknown}
Potions
 a - a potion of mutation {unknown}
 d - a potion of curing {unknown}
 f - a potion of degeneration {unknown}

Dungeon Overview and Level Annotations

Branches:
Dungeon (2/15)

Altars:


Message History

The arrow hits the gnoll.
The gnoll is heavily wounded.
You hear a shout!
The gnoll closely misses you. You furiously retaliate!
You headbutt the gnoll. Jessica hits you with a +0 dagger.
A hobgoblin comes into view.
You shoot an arrow. The arrow hits the gnoll.
The gnoll is almost dead.
The gnoll completely misses you. You furiously retaliate!
You headbutt the gnoll!
You kill the gnoll!
The goblin hits you with a +0 club. Jessica hits you with a +0 dagger.
You shoot an arrow. The arrow hits the gnoll.
You kill the gnoll!
Jessica casts a spell at you. Pain shoots through your body!
The goblin hits you but does no damage.
The goblin unwields a +0 sling.
The goblin wields a +0 dagger.
The goblin barely misses you. You furiously retaliate!
You headbutt the goblin!
You kill the goblin!
Jessica hits you with a +0 dagger.
The gnoll hits you from afar with a +0 spear.
The goblin hits you with a +0 club.
You shoot an arrow. The arrow hits Jessica.
Jessica is lightly wounded.
Jessica completely misses you. You furiously retaliate!
You headbutt Jessica.
The gnoll hits you from afar with a +0 spear.
The goblin closely misses you. You furiously retaliate!
You headbutt the goblin!
You kill the goblin!
You shoot an arrow. The arrow hits Jessica.
Jessica is severely wounded.
The gnoll misses you. Jessica barely misses you.
You shoot an arrow. The arrow hits Jessica.
You kill Jessica!
The gnoll hits you from afar with a +0 spear!
The gnoll barely misses you.
Your Ranged Weapons skill increases to level 6!
You have reached level 4!
You feel stronger.
You shoot an arrow. The arrow barely misses the gnoll.
The gnoll hits you from afar with a +0 spear!
You die...

# #.# #.# #.# #.#
#.# #)# #.# #.#
#.# #.# #.# #.#
#.# #.# #.# #.#
#.# # #.# #.# ..
#. #.# ##.#.#)###
#.#
.....g)@.#######.#
.....gg).........#
##.#.#.###########
# #. #. #. .. ##


You could see 2 gnolls and a hobgoblin.

Vanquished Creatures
  Jessica (D:2)
  An adder (D:2)
  2 gnolls (D:2)
  2 endoplasms
  A giant cockroach (D:1)
  7 goblins
  4 jackals (D:1)
  2 kobolds
  2 quokkas (D:1)
  3 ball pythons (D:1)
  3 bats
  2 frilled lizards (D:1)
  A rat (D:1)
31 creatures vanquished.

Notes
Turn   | Place    | Note
-------+----------+-------------------------------------------
     0 | D:1      | qw the Minotaur Hunter began the quest for the Orb.
     0 | D:1      | Reached XP level 1. HP: 18/18 MP: 0/0
     0 | D:1      | 0 ||| qw: Version: 0.2-a-122-gbc61b45
     0 | D:1      | 0 ||| qw: Game counter: 3427
     0 | D:1      | 0 ||| qw: Always use a shield: true
     0 | D:1      | 0 ||| qw: God list: Okawaru
     0 | D:1      | 0 ||| qw: Allow faded altars: false
     0 | D:1      | 0 ||| qw: Do Orc after D:15 true
     0 | D:1      | 0 ||| qw: Do second Lair branch before Depths: true
     0 | D:1      | 0 ||| qw: Lair rune preference: random
     0 | D:1      | 0 ||| qw: Plans: Normal
     0 | D:1      | 0 ||| PLANNING D:1-11
   165 | D:1      | Reached XP level 2. HP: 25/25 MP: 1/1
   231 | D:1      | Reached skill level 5 in Ranged Weapons
   338 | D:1      | Reached skill level 3 in Fighting
   673 | D:1      | 673 ||| UPGRADING to ring of positive energy.
   674 | D:1      | 674 ||| READING scroll labelled ZEMIMM VEEX BUAS.
   678 | D:1      | 678 ||| DRINKING 3 brown potions.
   679 | D:1      | 679 ||| DROPPING scroll of butterflies.
   680 | D:1      | 680 ||| DROPPING 2 potions of magic.
   722 | D:2      | Reached XP level 3. HP: 31/31 MP: 2/2
   834 | D:2      | Noticed Jessica
   841 | D:2      | HP: 7/31 [gnoll/+0 spear (3)]
   843 | D:2      | Killed Jessica
   843 | D:2      | HP: 1/31 [gnoll/+0 spear (7)]
   844 | D:2      | Reached skill level 6 in Ranged Weapons
   844 | D:2      | Reached XP level 4. HP: 1/38 MP: 3/3
   844 | D:2      | Mangled by a gnoll

Levels and vault maps discovered:
D:1:      ncdulo_wetmaze, layout_loops_cross
D:2:      layout_basic, serial_shops, nicolae_shop_waterfront, uniq_jessica,
          uniq_robin

Skill      XL: |  1  2  3 |
---------------+----------+-----
Ranged Weapons | 5 6 |  6.2
Fighting       | 3 |  3.0
Dodging        | |  2.1
Stealth        | |  0.7

Action                     |  1- 3 |  4- 6 || total
---------------------------+-------+-------++-------
   Fire: Shortbow          |    73 |     1 ||    74
    Use: Scroll            |     1 |       ||     1
         Potion            |     1 |       ||     1
 Armour: Leather armour    |     9 |       ||     9
  Dodge: Dodged            |    30 |       ||    30

Table legend:
 A = Non-vault XP
 B = Vault XP
 C = Vault XP percentage of total XP
 D = Non-vault monster count
 E = Vault monster count
 F = Vault count percentage of total count
                 A         B        C        D         E       F
            +---------+---------+-------+---------+---------+-------
      Total |      83 |      41 |  33.1 |      28 |       3 |   9.7
            +---------+---------+-------+---------+---------+-------
        D:1 |      37 |       0 |   0.0 |      22 |       0 |   0.0
        D:2 |      46 |      41 |  47.1 |       6 |       3 |  33.3
            +---------+---------+-------+---------+---------+-------
